 Dungeon Crawl Stone Soup version 0.31-b1-17-gcfd88c8481 (webtiles) character file.

Game seed: 16621739650334159002

32 monsoonserge the Covered (level 3, 0/31 HPs)
             Began as an Armataur Fighter on Jan 16, 2024.
             Slain by a goblin
             ... wielding a +0 club
             ... led by Robin
              (3 damage)
             ... on level 2 of the Dungeon.
             The game lasted 00:03:51 (878 turns).

monsoonserge the Covered (Armataur Fighter)          Turns: 878, Time: 00:03:51

Health: 0/31       AC:  7    Str: 23    XL:     3   Next: 10%
Magic:  3/3        EV:  7    Int:  8    God:
Gold:   16         SH:  5    Dex: 15    Spells: 2/2 levels left

rFire   . . .        a - +0 flail
rCold   . . .        c - +0 buckler
rNeg    . . .        b - +0 scale mail
rPois   .            (no helmet)
rElec   .            (no cloak)
rCorr   .            (no gloves)
SInv    .            (no barding)
Will    .....        (no amulet) Stlth
                     j - +6 ring of dexterity
HPRegen 0.25/turn    (no ring)
MPRegen 0.08/turn

%: roll
@: attractive
A: large, deformed body, tough skin 3, armoured tail, roll 1
a: no special abilities


You were on level 2 of the Dungeon.
You visited 1 branch of the dungeon, and saw 2 of its levels.

You collected 16 gold pieces.

Inventory:

Hand Weapons
 a - a +0 flail (weapon)
Armour
 b - a +0 scale mail (worn)
 c - a +0 buckler (worn)
Jewellery
 j - a +6 ring of dexterity (left hand)
Scrolls
 g - a scroll of noise {unknown}
 h - a scroll of enchant weapon {unknown}
 i - 4 scrolls of teleportation {unknown}
Potions
 d - a potion of might
 e - a potion of mutation {unknown}
 f - a potion of lignification {unknown}
 k - a potion of brilliance {unknown}
 l - a potion of curing {unknown}
 m - a potion of heal wounds {unknown}


   Skills:
 + Level 3.1 Fighting
 - Level 2.0 Maces & Flails
 + Level 4.3 Armour
 + Level 3.5 Shields


You had 2 spell levels left.
You didn't know any spells.
Your spell library contained the following spells:

 Spells                   Type           Power      Damage    Failure   Level
 Shock                    Conj/Air       0%         1d3       78%         1
 Swiftness                Air            0%         N/A       98%         3
 Airstrike                Air            0%         2d(0-16)  100%        4


Dungeon Overview and Level Annotations

Branches:
Dungeon (2/15)

Altars:

Shops:
D:1 (

Annotations:
D:2 Robin


Innate Abilities, Weirdness & Mutations

Armour fits poorly on your strangely shaped body.
You have extremely tough skin. (AC +3)
You have a long armoured tail.
You regenerate magic when rolling toward enemies. (Rampage MPRegen)


Message History

Robin shouts!
You sock the hobgoblin!
You kill the hobgoblin!
Robin throws the goblin at you!
You sock the goblin!
You kill the goblin!
The goblin barely misses you.
You hit the goblin.
The goblin is severely wounded.
A goblin comes into view. It is wielding a +0 club.
The goblin hits you with a +0 club.
The hobgoblin hits you but does no damage.
A goblin comes into view. It is wielding a +0 club.
The goblin hits you but does no damage.
You completely miss the goblin.
The goblin is severely wounded.
The hobgoblin hits you but does no damage.
The goblin hits you with a +0 club.
Robin roars a battlecry!
The goblins go into a battle-frenzy!
You barely miss the goblin.
The goblin is severely wounded.
The hobgoblin barely misses you. The goblin hits you with a +0 club.
Robin says, "Bow before me, strongest of all the hobgoblins!"
You closely miss the goblin.
Your tail-slap misses the goblin.
The goblin is severely wounded.
The hobgoblin barely misses you. The goblin hits you with a +0 club. x2
The hobgoblin barely misses you.
You closely miss the goblin.
The goblin is severely wounded.
The hobgoblin hits you.
* * * LOW HITPOINT WARNING * * *
The goblin closely misses you.
Unknown command.
It was a potion of attraction.
You feel attractive to monsters. The hobgoblin hits you.
* * * LOW HITPOINT WARNING * * *
The goblin hits you with a +0 club.
You die...

#.........#.....
#.......###.....
#....<..'.'.....
####.......###.....
#.....###### #.....
###.....#############
................
###.######.######..
...grgg@g....#
.##g######.#.# ..#.#
### #


You could see Robin, a quokka, a hobgoblin (strong) and 3 goblins.

Vanquished Creatures
  5 bats (D:1)
  5 endoplasms (D:1)
  3 goblins
  6 hobgoblins
  3 kobolds
  A quokka (D:2)
  A ball python (D:1)
  A frilled lizard (D:1)
  4 rats
29 creatures vanquished.

Notes
Turn   | Place    | Note
-------+----------+-------------------------------------------
     0 | D:1      | monsoonserge the Armataur Fighter began the quest for the
                  | Orb.
     0 | D:1      | Reached XP level 1. HP: 18/18 MP: 1/1
   177 | D:1      | Reached skill level 4 in Armour
   177 | D:1      | Reached XP level 2. HP: 24/25 MP: 2/2
   243 | D:1      | Found Ifaamoma's Antique Weapon Shop.
   791 | D:2      | Reached XP level 3. HP: 31/31 MP: 3/3
   870 | D:2      | Noticed Robin
   878 | D:2      | Slain by a goblin

Illustrated notes

Levels and vault maps discovered:
D:1:      elethiomel_arrival_quiet, layout_basic, serial_shops,
          nicolae_shop_tiny_waterfront, st_stairs_3, minivault_25,
          serial_bayou_pond_e
D:2:      layout_basic, serial_shops, nicolae_shop_statue_plus, minivault_14,
          uniq_robin

Skill      XL: |  1  2 |
---------------+-------+-----
Armour         | 4 |  4.3
Fighting       | 3 |  3.1
Maces & Flails | 2 |  2.0
Shields        | |  3.5

Action                     || total
---------------------------++-------
  Melee: Flail             ||    88
         Tailslap          ||    10
    Use: Potion            ||     1
 Armour: Scale mail        ||    73
  Dodge: Dodged            ||    29
  Block: Buckler           ||    18
